 Dungeon Crawl Stone Soup version 0.31-a0-771-g505c3d19dc (webtiles) character file.

Game seed: 3415665456548858022

35077 CowFu the Markskobold (level 14, -7/92 HPs)
             Began as a Kobold Hunter on Sept 16, 2023.
             Was a High Priest of Dithmenos.
             Mangled by a seven-headed hydra (11 damage)
             ... on level 4 of the Lair of Beasts.
             The game lasted 00:27:26 (15289 turns).

CowFu the Markskobold (Kobold Hunter)              Turns: 15289, Time: 00:27:27

Health: -7/92      AC: 11    Str: 13    XL:     14   Next: 16%
Magic:  21/21      EV: 28    Int: 10    God:    Dithmenos [*****.]
Gold:   858        SH:  0    Dex: 30    Spells: 13/13 levels left

rFire   . . .        a - +1 orcbow (flame)
rCold   . . .        (shield currently unavailable)
rNeg    . . .        E - +0 acid dragon scales
rPois   .            O - +0 helmet
rElec   .            R - +0 cloak
rCorr   +            f - +1 pair of gloves of the Sea {Str+5 Slay+2}
SInv    +            u - +0 pair of boots
Will    +....        G - amulet of magic regeneration
Stlth   ++++++++     m - ring of see invisible
HPRegen 0.35/turn    i - +6 ring of dexterity
MPRegen 0.57/turn

%: no passive effects
@: wreathed by umbra
A: small, no large weapons, nightstalker 3
a: Renounce Religion, Shadow Step, Shadow Form


You were on level 4 of the Lair of Beasts.
You worshipped Dithmenos.
Dithmenos was extremely pleased with you.
You visited 2 branches of the dungeon, and saw 16 of its levels.
You also visited: Sewer and Bailey.

You collected 958 gold pieces.
You spent 100 gold pieces at shops.

Inventory:

Hand Weapons
 a - a +1 orcbow of flaming (weapon)
 b - a +5 dagger of freezing
 H - a +0 orcbow
 M - the +6 mace of Jucsaol {speed, rPois}
   (You found it on level 10 of the Dungeon)

   rPois:     It protects you from poison
Missiles
 c - 2 curare-tipped darts
Armour
 f - the +1 pair of gloves of the Sea (worn) {Str+5 Slay+2}
   (You acquired it on level 5 of the Dungeon)

   Str+5:     It affects your strength (+5).
   Slay+2:    It affects your accuracy & damage with ranged weapons and melee
   (+2).
 u - a +0 pair of boots (worn)
 E - +0 acid dragon scales (worn)
 I - the +2 ring mail of Wrong Decisions {Contam rPois rN++ SInv}
   (You found it on level 10 of the Dungeon)

   rPois:     It protects you from poison rN++: It greatly protects you from
   negative energy.
   SInv:      It lets you see invisible.
   Contam:    It causes magical contamination when unequipped.
 O - a +0 helmet (worn)
 R - a +0 cloak (worn)
Jewellery
 i - a +6 ring of dexterity (right hand)
 m - a ring of see invisible (left hand)
 p - a ring of protection from cold
 G - an amulet of magic regeneration (around neck)
 N - a ring of wizardry
 Q - a +6 ring of intelligence
 S - the ring of Witiloow {+Blink rF+ Int+6}
   (You found it on level 2 of the Lair of Beasts)

   [ring of intelligence]

   Int+6:     It affects your intelligence (+6).
   rF+:       It protects you from fire.
   +Blink:    It lets you blink.
 V - a ring of wizardry
Wands
 A - a wand of flame (18)
 B - a wand of charming (22)
 K - a wand of iceblast (4)
 T - a wand of quicksilver (6)
Scrolls
 e - 2 scrolls of blinking
 k - 2 scrolls of amnesia
 l - 13 scrolls of teleportation
 n - a scroll of torment
 o - 4 scrolls of immolation
 t - 2 scrolls of enchant weapon
 v - 3 scrolls of enchant armour
 x - 3 scrolls of brand weapon
 y - 3 scrolls of poison
 C - a scroll of butterflies
 J - 2 scrolls of vulnerability
 L - 2 scrolls of revelation
 P - a scroll of fear
 U - a scroll of identify
Potions
 d - 10 potions of enlightenment
 g - 7 potions of heal wounds
 h - 5 potions of curing
 j - a potion of lignification
 q - 4 potions of haste
 r - 2 potions of resistance
 s - a potion of invisibility
 w - a potion of magic
 z - a potion of berserk rage
 D - a potion of cancellation
 F - 2 potions of brilliance
 W - a potion of mutation {unknown}


   Skills:
 + Level 12.8 Fighting
 - Level 16.0 Ranged Weapons
 + Level 12.9 Dodging
 + Level 6.0 Stealth
 - Level 10.0 Invocations
 - Level 10.0 Evocations


You had 13 spell levels left.
You didn't know any spells.
Your spell library contained the following spells:

 Spells                   Type           Power      Damage    Failure   Level
 Lesser Beckoning         Tloc           0%         N/A       63%         2
 Sublimation of Blood     Necr           0%         N/A       63%         2
 Call Canine Familiar     Summ           0%         N/A       86%         3
 Gell's Gravitas          Tloc           0%         N/A       86%         3
 Inner Flame              Hex/Fire       0%         N/A       86%         3
 Ozocubu's Armour         Ice            0%         N/A       86%         3
 Sigil of Binding         Hex            0%         N/A       86%         3
 Teleport Other           Tloc           0%         N/A       86%         3
 Animate Dead             Necr           0%         N/A       99%         4
 Dimensional Bullseye     Hex/Tloc       0%         N/A       99%         4
 Flame Wave               Conj/Fire      0%         2d4       99%         4
 Leda's Liquefaction      Hex/Erth       0%         N/A       99%         4
 Manifold Assault         Tloc           0%         N/A       99%         4
 Petrify                  Tmut/Erth      0%         N/A       99%         4
 Sticky Flame             Conj/Fire      0%         2d3       99%         4
 Borgnjor's Vile Clutch   Necr/Erth      0%         N/A       100%        5
 Irradiate                Conj/Tmut      0%         3d11      100%        5
 Death Channel            Necr           0%         N/A       100%        6
 Dispersal                Tloc           0%         N/A       100%        6
 Ozocubu's Refrigeration  Ice            0%         4d7       100%        7
 Disjunction              Tloc           0%         N/A       100%        8


Dungeon Overview and Level Annotations

Branches:
Dungeon (12/15)            Temple (0/1) D:6            Lair (4/5) D:10
 Shoals (0/4) Lair:3       Spider (0/4) Lair:2          Orc (0/2) D:9
  Sewer (visited)          Bailey (visited)
  Slime: Lair:4-5

Altars:
Dithmenos
Elyvilon
Kikubaaqudgha
Okawaru
Vehumet
Wu Jian
Yredelemnul

Shops:
D:2 ?!!:   D:3 [*   D:6 *   D:9 :

Annotations:
D:8 1 runed translucent door, justen's ghost, novice TrSh
Lair:3 2 runed translucent doors


Innate Abilities, Weirdness & Mutations

You are small and have problems with some larger weapons.
You are completely attuned to the shadows.


Message History

You shoot an arrow. The arrow hits the seven-headed hydra!
The arrow burns the seven-headed hydra.
The seven-headed hydra is moderately wounded.
Your shadow shoots an arrow.
The arrow hits the seven-headed hydra!
You shoot an arrow. The arrow hits the seven-headed hydra.
The arrow burns the seven-headed hydra.
The seven-headed hydra is heavily wounded.
The seven-headed hydra misses you.
The seven-headed hydra completely misses you. x2
The seven-headed hydra closely misses you.
The seven-headed hydra completely misses you.
The seven-headed hydra barely misses you.
The seven-headed hydra closely misses you.
You shoot an arrow. The arrow hits the seven-headed hydra.
The arrow burns the seven-headed hydra.
The seven-headed hydra is heavily wounded.
You hear a bellow! x2
The seven-headed hydra completely misses you.
The seven-headed hydra misses you. The seven-headed hydra bites you.
The seven-headed hydra completely misses you.
The seven-headed hydra bites you!
The seven-headed hydra barely misses you. x2
You are too injured to fight recklessly!
You are too injured to fight recklessly!
You are too injured to fight recklessly!
Fire: a) +1 orcbow (flame)
Press: ? - help, Q - select action, (/) - cycle Shift-Dir - straight line, f/p - seven-headed hydra
Aim: a seven-headed hydra (heavily wounded, umbra, 86% to hit)
You shoot an arrow. The arrow hits the seven-headed hydra!!
The arrow burns the seven-headed hydra!
The seven-headed hydra is almost dead.
A yak comes into view. x2
The seven-headed hydra bites you!
* * * LOW HITPOINT WARNING * * *
The seven-headed hydra bites you!
* * * LOW HITPOINT WARNING * * *
The seven-headed hydra bites you!
* * * LOW HITPOINT WARNING * * *
The seven-headed hydra bites you!
You die...

#### ####..##
.......## ..
..........##.......Y
#...................Y
#....................
#†#...P..........D..#
...#.....b......@##
..#...............###.
#..........P##........
#..........P#...[.....
#............#........
#.....................
.................#..#.
...........##..###...
.... ###


You could see a seven-headed hydra and 2 yaks.

Vanquished Creatures
  Fannar (Lair:3)
  Erica (D:10)
  2 catoblepae
  5 hydras
  3 two-headed ogres
  Urug (D:10)
  Sonja (D:10)
  A skyshark (Lair:4)
  A deep elf pyromancer (D:12)
  2 cyclopes
  4 elephants (Lair:3)
  4 black mambas
  A merfolk siren (Lair:3)
  8 cane toads
  A torpor snail (Lair:3)
  3 komodo dragons
  An unseen horror (D:10)
  4 trolls
  Prince Ribbit (D:7)
  A polar bear (Lair:2)
  8 blink frogs
  3 meliai (D:12)
  6 slime creatures (D:11)
  5 dream sheep (Lair:3)
  A water elemental (D:11)
  2 spriggans (Bailey)
  Sigmund (D:2)
  4 wyverns
  26 yaks
  5 wraiths
  2 basilisks
  2 steam dragons
  13 water moccasins
  An ice beast (D:5)
  2 orc warriors
  A sky beast (D:4)
  A black bear (D:5)
  5 ogres (Bailey)
  3 wolves (Lair:2)
  5 centaurs
  2 kobold brigands
  15 bullfrogs
  6 scorpions
  A gnoll sergeant (D:9)
  17 wights
  4 killer bees (D:8)
  7 electric eels
  6 howler monkeys
  2 hounds
  3 jellies
  4 orc priests
  2 gnoll boudas
  Jessica (D:2)
  5 iguanas
  Terence (D:3)
  6 orc wizards
  17 gnolls
  4 river rats (Sewer)
  15 adders
  2 shadow imps
  2 white imps
  5 worms
  A dart slug (D:3)
  22 orcs
  16 ball pythons
  10 endoplasms
  10 giant cockroaches
  8 goblins
  9 hobgoblins
  17 jackals
  9 quokkas
  16 bats
  4 frilled lizards
  14 kobolds
  9 rats
414 creatures vanquished.

Notes
Turn   | Place    | Note
-------+----------+-------------------------------------------
     0 | D:1      | CowFu the Kobold Hunter began the quest for the Orb.
     0 | D:1      | Reached XP level 1. HP: 12/12 MP: 1/1
    99 | D:1      | Reached XP level 2. HP: 16/17 MP: 2/2
   111 | D:1      | Reached skill level 6 in Ranged Weapons
   208 | D:1      | Reached XP level 3. HP: 20/21 MP: 3/3
   586 | D:2      | Reached skill level 7 in Ranged Weapons
   632 | D:2      | Found Vicev's Distillery.
   653 | D:2      | Reached XP level 4. HP: 25/26 MP: 4/4
   656 | D:2      | Found Cebb's Book Boutique.
   833 | D:2      | Found Emiemoic's Distillery.
   838 | D:2      | Bought 2 potions of heal wounds for 100 gold pieces
  1133 | D:2      | Noticed Sigmund
  1139 | D:2      | Killed Sigmund
  1140 | D:2      | Reached skill level 9 in Ranged Weapons
  1140 | D:2      | Reached XP level 5. HP: 30/30 MP: 5/5
  1140 | D:2      | Reached XP level 6. HP: 35/35 MP: 6/6
  1267 | D:2      | Found Abeer's Magic Scroll Emporium.
  1287 | D:2      | Noticed Jessica
  1298 | D:2      | Killed Jessica
  1416 | D:3      | Found Limpiej's Armour Emporium.
  1780 | D:3      | Found Erojion's General Store.
  1790 | D:3      | Found a faded altar of an unknown god.
  1887 | D:3      | Noticed Terence
  1890 | D:3      | Killed Terence
  2066 | D:4      | Reached skill level 10 in Ranged Weapons
  2151 | D:4      | Reached XP level 7. HP: 29/40 MP: 7/7
  2471 | D:4      | Reached skill level 11 in Ranged Weapons
  2623 | D:5      | Entered Level 5 of the Dungeon
  2624 | D:5      | Identified a scroll of acquirement
  2624 | D:5      | Acquired the +1 pair of gloves of the Sea {Str+5 Slay+2}
  2666 | D:5      | Found a glowing drain.
  2693 | Sewer    | Entered a sewer
  3043 | Sewer    | Reached XP level 8. HP: 25/44 MP: 8/8
  3132 | Sewer    | Reached skill level 12 in Ranged Weapons
  3754 | D:5      | Reached skill level 13 in Ranged Weapons
  4561 | D:6      | Reached skill level 14 in Ranged Weapons
  4648 | D:6      | Reached XP level 9. HP: 50/50 MP: 9/9
  4943 | D:6      | Found Rysec's Serpentskin Sales.
  4958 | D:6      | Reached skill level 5 in Dodging
  5068 | D:6      | Found a shadowy altar of Dithmenos.
  5068 | D:6      | Found an iron altar of Okawaru.
  5069 | D:6      | Found a radiant altar of Vehumet.
  5071 | D:6      | Found a basalt altar of Yredelemnul.
  5075 | D:6      | Became a worshipper of Dithmenos the Shadowed
  5291 | D:6      | Found a staircase to the Ecumenical Temple.
  5522 | D:7      | Noticed a troll
  5526 | D:7      | Killed a troll
  5527 | D:7      | Reached skill level 5 in Fighting
  5643 | D:7      | Noticed Prince Ribbit
  5649 | D:7      | Killed Prince Ribbit
  5650 | D:7      | Reached XP level 10. HP: 30/60 MP: 10/10
  5808 | D:7      | Reached skill level 15 in Ranged Weapons
  6246 | D:7      | Reached * piety under Dithmenos
  6433 | D:8      | Noticed a two-headed ogre
  6438 | D:8      | Killed a two-headed ogre
  6853 | D:8      | Found a runed translucent door.
  6854 | D:8      | Noticed justen's ghost (novice TrSh)
  6971 | D:8      | Reached skill level 16 in Ranged Weapons
  7584 | D:9      | Found a flagged portal.
  7590 | Bailey   | Entered a bailey
  7609 | Bailey   | Reached XP level 11. HP: 68/68 MP: 11/11
  7634 | Bailey   | Reached ** piety under Dithmenos
  7640 | Bailey   | Noticed a two-headed ogre
  7656 | Bailey   | Killed a two-headed ogre
  7663 | Bailey   | Reached skill level 10 in Dodging
  7801 | Bailey   | Found the +10 dark maul {heavy}
  8021 | D:9      | Found an ancient bone altar of Kikubaaqudgha.
  8047 | D:9      | Found a staircase to the Orcish Mines.
  8141 | D:9      | Found Eploigon's Book Emporium.
  8204 | D:9      | Noticed a six-headed hydra
  8205 | D:9      | Noticed a four-headed hydra
  8208 | D:9      | Killed a six-headed hydra
  8209 | D:9      | Reached skill level 1 in Invocations
  8209 | D:9      | Reached skill level 1 in Evocations
  8216 | D:9      | Killed a four-headed hydra
  8480 | D:9      | Found an ornate altar of the Wu Jian Council.
  8987 | D:10     | Entered Level 10 of the Dungeon
  9042 | D:10     | Found a staircase to the Lair.
  9051 | D:10     | Noticed Erica
  9060 | D:10     | Killed Erica
  9061 | D:10     | Reached skill level 10 in Fighting
  9096 | D:10     | Noticed Sonja
  9109 | D:10     | Killed Sonja
  9197 | D:10     | Reached *** piety under Dithmenos
  9226 | D:10     | Reached XP level 12. HP: 55/78 MP: 14/14
  9354 | D:10     | Identified the +2 ring mail of Wrong Decisions {Contam
                  | rPois rN++ SInv}
  9431 | D:10     | Noticed Urug
  9438 | D:10     | Killed Urug
  9446 | D:10     | Identified the +6 mace of Jucsaol {speed, rPois}
  9796 | D:10     | Found a white marble altar of Elyvilon.
  9977 | D:11     | Reached skill level 5 in Evocations
 10143 | D:11     | Reached skill level 5 in Invocations
 10825 | D:11     | Noticed a two-headed ogre
 10829 | D:11     | Killed a two-headed ogre
 10884 | D:11     | Reached **** piety under Dithmenos
 12034 | Lair:1   | Entered Level 1 of the Lair of Beasts
 12576 | Lair:1   | Noticed a four-headed hydra
 12582 | Lair:1   | Killed a four-headed hydra
 12583 | Lair:1   | Reached XP level 13. HP: 85/85 MP: 16/18
 13258 | Lair:2   | Noticed an eight-headed hydra
 13263 | Lair:2   | Killed an eight-headed hydra
 13265 | Lair:2   | Identified the ring of Witiloow {+Blink rF+ Int+6}
 13303 | Lair:2   | Found a hole to the Spider Nest.
 13334 | Lair:2   | Noticed an eight-headed hydra
 13339 | Lair:2   | Killed an eight-headed hydra
 13759 | Lair:3   | Noticed Fannar
 13783 | Lair:3   | Killed Fannar
 13989 | Lair:3   | Reached skill level 10 in Evocations
 14110 | Lair:3   | Reached skill level 10 in Invocations
 14253 | Lair:3   | Found a large runed translucent door.
 14254 | Lair:3   | Found a large runed translucent door.
 14255 | Lair:3   | Noticed a catoblepas
 14265 | Lair:3   | Reached ***** piety under Dithmenos
 14278 | Lair:3   | Killed a catoblepas
 14766 | Lair:3   | Found a staircase to the Shoals.
 14974 | Lair:4   | Reached XP level 14. HP: 92/92 MP: 21/21
 15010 | Lair:4   | Reached skill level 5 in Stealth
 15289 | Lair:4   | HP: 4/92 [seven-headed hydra (10)]
 15289 | Lair:4   | Mangled by a seven-headed hydra

Illustrated notes

Levels and vault maps discovered:
D:1:      eino_arrival_druids_welcome, layout_basic
D:2:      wander_river, layout_loops_ring, serial_shops, shop, shop,
          nicolae_shop_pleasant_corner_grove, shop, uniq_sigmund, uniq_jessica
D:3:      layout_rooms, serial_shops, nicolae_square_shop, shop,
          dreamdust_ecumenical_altar_grove, minmay_bisected, uniq_terence
D:4:      minmay_chambers_of_fours, layout_gridville, trog_book,
          uniq_crazy_yiuf_cottage
D:5:      layout_basic, cheibrodos_sewer_entry_bend
D:6:      layout_basic, mainiacjoe_overflow_alcove_3, minmay_temple_entry_hall,
          guppyfry_shop_venom
D:7:      layout_gridville, uniq_prince_ribbit1
D:8:      layout_layer_cave, gammafunk_ghost_grave
D:9:      layout_loops_corners, nicolae_kikubaaqudgha_miasma_corner,
          marbit_many_paths, orc_0_dummy, lightli_bailey_entry_fortress,
          nicolae_take_the_stairs, minivault_20
D:10:     layout_cave_pools, mainiacjoe_overflow_brackets, lair_entry_dummy,
          uniq_erica, uniq_urug, uniq_sonja
D:11:     layout_basic
D:12:     layout_basic, uniq_frances
Lair:1:   layout_chaotic_city, infiniplex_staircase_pool
Lair:2:   layout_roguey, nicolae_spider_entry_non_spiders,
          grunt_forest_small_clearing_treed, serial_bayou_shore_a,
          grunt_megastairs_4
Lair:3:   layout_long_grid, minmay_shoals_entry_lonely_mermaid,
          ebering_ghost_disaster_area, serial_bayou_shore_b, uniq_fannar
Lair:4:   layout_gridlike, beast_lair_carwin_11, grunt_megastairs_1,
          lemuel_fruit_fields, uniq_rupert

Skill      XL: |  1  2  3  4  5  6  7  8  9 10 11 12 13 14 |
---------------+-------------------------------------------+-----
Ranged Weapons | 6 7 9 10 11 14 16 | 16.0
Dodging        | 3 6 8 11 12 | 12.9
Fighting       | 3 6 8 10 11 12 | 12.8
Invocations    | 3 6 10 | 10.0
Evocations     | 4 7 10 | 10.0
Stealth        | 4 6 |  6.0

Action                     |  1- 3 |  4- 6 |  7- 9 | 10-12 | 13-15 || total
---------------------------+-------+-------+-------+-------+-------++-------
   Fire: Shortbow          |   105 |   114 |   273 |       |       ||   492
         Orcbow            |       |       |    72 |   491 |   335 ||   898
    Use: Scroll            |       |     5 |    15 |     7 |     2 ||    29
         Potion            |       |       |     3 |       |     1 ||     4
 Armour: Leather armour    |    39 |    16 |    72 |    20 |       ||   147
         Acid dragon scale |       |       |       |    46 |    55 ||   101
  Dodge: Dodged            |    81 |    29 |   122 |   203 |   200 ||   635

Table legend: (Time is in decaauts)
 A = Elapsed time spent in this place.
 B = Non-inter-level travel time spent in this place.
 C = Inter-level travel time spent in this place.
 D = Time resting spent in this place.
 E = Time spent auto-exploring this place.
 F = Levels seen in this place.
 G = Mean time per level.
                   A        B        C        D        E       F      G
               +--------+--------+--------+--------+--------+-----+--------+
         Total |  15307 |  14999 |    308 |      6 |  12720 |  18 |  850.4 |
       Dungeon |  10894 |  10625 |    269 |      6 |   9104 |  12 |  907.8 |
          Lair |   3213 |   3175 |     38 |      0 |   2726 |   4 |  803.2 |
         Sewer |    908 |    908 |      0 |      0 |    712 |   1 |  908.0 |
        Bailey |    291 |    291 |      0 |      0 |    176 |   1 |  291.0 |
               +--------+--------+--------+--------+--------+-----+--------+

Top non-repeatable levels by time:
    D:11: 1678 daAuts
  Lair:3: 1297 daAuts
     D:9: 1235 daAuts
     D:8: 1107 daAuts
     D:5: 1073 daAuts
     D:6: 963 daAuts
   Sewer: 908 daAuts
     D:2: 876 daAuts
    D:10: 872 daAuts
  Lair:2: 819 daAuts
     D:7: 815 daAuts
  Lair:1: 788 daAuts
     D:3: 627 daAuts
     D:1: 590 daAuts
     D:4: 571 daAuts
